 Dungeon Crawl Stone Soup version 0.31-a0-1540-g5a0b83f448 (webtiles) character file.

Game seed: 7316996504710925574

1904 voltaire321 the Apothecary (level 8, -3/61 HPs)
             Began as a Demonspawn Alchemist on Jan 1, 2024.
             Slain by an orc warrior
             ... wielding a +0 war axe
              (9 damage)
             ... in a bailey on Jan 2, 2024.
             The game lasted 00:15:57 (6109 turns).

voltaire321 the Apothecary (Demonspawn Alchemist)   Turns: 6109, Time: 00:15:58

Health: -3/61      AC:  9    Str: 16    XL:     8   Next: 94%
Magic:  14/14      EV: 10    Int: 16    God:
Gold:   313        SH:  9    Dex: 14    Spells: 11/16 levels left

rFire   + . .        D - +5 long sword
rCold   . . .        d - +0 kite shield
rNeg    . . .        e - +0 ring mail
rPois   .            (no helmet)
rElec   .            (no cloak)
rCorr   .            (no gloves)
SInv    .            (no boots)
Will    .....        c - amulet of regeneration
Stlth   +            q - +6 ring of strength
HPRegen 1.10/turn    (no ring)
MPRegen 0.14/turn

%: no passive effects
@: no status effects
A: molten scales 3, powered by death 1, weakness stinger 1
a: no special abilities


You were in a bailey.
You visited 1 branch of the dungeon, and saw 7 of its levels.
You also visited: Bailey.

You collected 313 gold pieces.

Inventory:

Hand Weapons
 v - a +2 hand axe of venom
 D - a +5 long sword (weapon)
Armour
 d - a +0 kite shield (worn)
 e - a +0 ring mail (worn)
Jewellery
 c - an amulet of regeneration (around neck)
 o - an amulet of the acrobat
 q - a +6 ring of strength (left hand)
Wands
 a - a wand of charming (5)
 l - a wand of flame (21)
 w - a wand of light (6)
Scrolls
 f - 3 scrolls of enchant weapon {unknown}
 h - 2 scrolls of enchant armour {unknown}
 k - 2 scrolls of poison {unknown}
 n - 4 scrolls of teleportation {unknown}
 p - a scroll of immolation {unknown}
 s - 4 scrolls of identify {unknown}
 u - a scroll of revelation {unknown}
 x - a scroll of amnesia {unknown}
 y - a scroll of fear {unknown}
 B - a scroll of fog {unknown}
 C - a scroll of vulnerability {unknown}
Potions
 b - a potion of magic
 g - 4 potions of attraction {unknown}
 i - 2 potions of brilliance {unknown}
 j - 4 potions of curing
 m - a potion of invisibility {unknown}
 r - a potion of haste {unknown}
 z - a potion of cancellation {unknown}


   Skills:
 + Level 4.4 Fighting
 + Level 4.1 Armour
 + Level 4.5 Dodging
 - Level 1.7 Stealth
 + Level 3.5 Shields
 + Level 4.5 Spellcasting
 - Level 3.0 Conjurations
 + Level 5.4 Alchemy


You had 11 spell levels left.
You knew the following spells:

 Your Spells              Type           Power      Damage    Failure   Level
a - Sting                 Conj/Alch      68%        1d7       16%         1
b - Olgreb's Toxic Radia  Alch           21%        N/A       67%         4

Your spell library contained the following spells:

 Spells                   Type           Power      Damage    Failure   Level
 Mercury Vapours          Alch/Air       24%        N/A       38%         2
 Mephitic Cloud           Conj/Alch/Air  12%        N/A       63%         3
 Sandblast                Erth           6%         2d5       65%         1
 Stone Arrow              Conj/Erth      16%        3d8       80%         3
 Passwall                 Erth           3%         N/A       95%         3
 Summon Ice Beast         Ice/Summ       3%         N/A       95%         3
 Sticky Flame             Fire/Alch      12%        2d5       95%         4
 Brom's Barrelling Bould  Conj/Erth      8%         2d3       99%         4
 Freezing Cloud           Conj/Ice/Air   3%         6-21      100%        5
 Summon Mana Viper        Hex/Summ       3%         N/A       100%        5
 Monstrous Menagerie      Summ           1%         N/A       100%        7
 Ozocubu's Refrigeration  Ice            1%         4d7       100%        7
 Discord                  Hex            1%         N/A       100%        8


Dungeon Overview and Level Annotations

Branches:
Dungeon (7/15)             Temple (0/1) D:6          Bailey (1/1)

Altars:
Kikubaaqudgha
Makhleb
Okawaru
Vehumet

Shops:
D:4 (   D:6 *


Innate Abilities, Weirdness & Mutations

You are completely covered in molten scales. (AC +4, rF+)
You regenerate a little health from kills.
You have a small tail.


Message History

The orc warrior misses you.
You hit the orc warrior. You tail-slap the orc warrior.
The orc warrior is almost dead.
The orc warrior hits you with a +0 war axe!
* * * LOW HITPOINT WARNING * * *
The orc warrior hits you but does no damage.
You block the orc warrior's attack.
Unknown command.
You hit the orc warrior.
Your tail-slap misses the orc warrior.
The orc warrior is almost dead.
The orc warrior hits you but does no damage.
You block the orc warrior's attack. x2
You closely miss the orc warrior.
The orc warrior is almost dead.
The orc warrior hits you with a +0 war axe!
* * * LOW HITPOINT WARNING * * *
The orc warrior barely misses you. x3
It was a potion of curing.
You feel better.
The orc warrior hits you with a +0 war axe.
* * * LOW HITPOINT WARNING * * *
You block the orc warrior's attack.
You barely miss the orc warrior.
The orc warrior is almost dead.
The orc warrior barely misses you. The orc warrior closely misses you.
You slash the orc warrior!
You kill the orc warrior!
The orc warrior closely misses you.
The orc warrior attacks as it pursues you!
The orc warrior hits you with a +0 war axe.
* * * LOW HITPOINT WARNING * * *
The orc warrior misses you.
You barely miss the orc warrior. You block the orc warrior's attack.
You barely miss the orc warrior. You block the orc warrior's attack.
The orc warrior hits you with a +0 war axe.
* * * LOW HITPOINT WARNING * * *
The orc warrior hits you with a +0 war axe!
* * * LOW HITPOINT WARNING * * *
You barely miss the orc warrior.
The orc warrior hits you with a +0 war axe!
You die...

.8.8##....#.))..♣♣
....#.....'......♣
....#.....'...∩.∩♣
...o#.....'......♣
.8.8##....#.....♣♣
...?~#....##....♣
...:~#.....##...♣
#~~~##......##≈≈♣
..#########@.......#≈≈♣
..'.....).oo.8..8..#≈≈♣
..#~~~(~#).........# ♣
#~~~~~#.........##
#~~~~~##...8...##
#.......##.....##
#........ ##...##
♣♣♣.....♣ ##### ♣♣♣∩♣♣♣


You could see 2 orc warriors.

Vanquished Creatures
  3 sky beasts
  A black bear (D:5)
  2 orc warriors (Bailey)
  An ogre (D:5)
  4 scorpions
  5 wights (D:6)
  2 bombardier beetles
  A crimson imp (D:4)
  A gnoll bouda (D:5)
  An orc priest (D:5)
  6 hounds
  2 jellies
  2 iguanas (D:5)
  4 gnolls
  5 adders
  A shadow imp (D:4)
  3 white imps (D:5)
  3 dart slugs
  A ribbon worm (D:3)
  5 orcs
  6 bats
  3 endoplasms
  2 giant cockroaches (D:1)
  11 goblins
  7 hobgoblins
  9 jackals
  4 quokkas
  6 ball pythons
  3 frilled lizards
  14 kobolds
  2 rats (D:3)
120 creatures vanquished.

Vanquished Creatures (collateral kills)
  An ogre (D:5)
  A gnoll sergeant (D:5)
  A howler monkey (D:5)
  An ufetubus (D:5)
4 creatures vanquished.

Vanquished Creatures (others)
  An orc wizard (D:5)
1 creature vanquished.

Grand Total: 125 creatures vanquished

Notes
Turn   | Place    | Note
-------+----------+-------------------------------------------
     0 | D:1      | voltaire321 the Demonspawn Alchemist began the quest for
                  | the Orb.
     0 | D:1      | Reached XP level 1. HP: 13/13 MP: 3/3
   211 | D:1      | Gained mutation: You regenerate a little health from kills.
                  | [demonic ancestry]
   211 | D:1      | Reached XP level 2. HP: 20/20 MP: 0/5
   821 | D:1      | Gained mutation: You are partially covered in molten
                  | scales. (AC +2) [demonic ancestry]
   821 | D:1      | Reached XP level 3. HP: 25/25 MP: 3/6
   930 | D:2      | Reached skill level 1 in Fighting
  1085 | D:2      | Reached skill level 1 in Armour
  1358 | D:2      | You fall into a shaft and drop 1 floor!
  1387 | D:3      | Gained mutation: You are mostly covered in molten scales.
                  | (AC +3) [demonic ancestry]
  1387 | D:3      | Reached XP level 4. HP: 32/32 MP: 4/7
  2255 | D:3      | Reached XP level 5. HP: 36/38 MP: 7/9
  2783 | D:4      | Reached XP level 6. HP: 44/44 MP: 8/10
  2907 | D:4      | Found Puomeoh's Weapon Shoppe.
  2981 | D:4      | Reached skill level 1 in Shields
  3129 | D:4      | Found a burning altar of Makhleb.
  3132 | D:4      | Found a radiant altar of Vehumet.
  3451 | D:5      | Entered Level 5 of the Dungeon
  3596 | D:5      | Reached skill level 4 in Alchemy
  3661 | D:5      | Gained mutation: You are completely covered in molten
                  | scales. (AC +4, rF+) [demonic ancestry]
  3661 | D:5      | Reached XP level 7. HP: 51/51 MP: 9/11
  3848 | D:5      | Found an ancient bone altar of Kikubaaqudgha.
  4017 | D:5      | Learned a level 4 spell: Olgreb's Toxic Radiance
  4307 | D:5      | Gained mutation: You have a small tail. [demonic ancestry]
  4307 | D:5      | Reached XP level 8. HP: 46/58 MP: 13/13
  5046 | D:6      | Found an iron altar of Okawaru.
  5076 | D:6      | Found Boohuyck's Lightly-Used Armoury.
  5316 | D:6      | Reached skill level 5 in Alchemy
  5783 | D:6      | Found a staircase to the Ecumenical Temple.
  5976 | D:7      | Identified the +1 robe of Optimism {Rampage ^Drain Will+++
                  | MP-9}
  5978 | D:7      | Found a flagged portal.
  5993 | Bailey   | Entered a bailey
  6024 | Bailey   | Noticed an orc warlord
  6101 | Bailey   | HP: 2/61 [orc warrior/+0 war axe (15)]
  6109 | Bailey   | Slain by an orc warrior

Illustrated notes

Levels and vault maps discovered:
D:1:      nagdon_arrival_zigzag_paths, layout_basic
D:2:      layout_loops_ring, minmay_circled_x
D:3:      layout_loops_cross
D:4:      layout_loops_ring, grunt_temple_overflow_lords_of_destruction,
          serial_shops, shop
D:5:      layout_layer_cave, overflow_temple_1_default, minmay_divided_ellipse
D:6:      layout_loops_ring, okawaru_trees_2, minmay_temple_entry_from_below_a,
          hangedman_abyss_or_decor_lesser_grid, minmay_shop_damaged,
          chequers_jeans, kennysheep_generic_room_9
D:7:      layout_basic, nicolae_hepliaklqana_monster_ancestors, enter_bailey_2
Bailey:   bailey_axe_bossmonster_kennysheep, bailey

Skill      XL: |  1  2  3  4  5  6  7  8 |
---------------+-------------------------+-----
Dodging        | 2 3 4 |  4.5
Fighting       | 1 2 3 4 |  4.4
Armour         | 1 2 3 4 |  4.1
Conjurations   | 2 3 |  3.0
Shields        | 1 2 3 |  3.5
Spellcasting   | 3 4 |  4.5
Alchemy        | 4 5 |  5.4
Stealth        | |  1.7

Action                     |  1- 3 |  4- 6 |  7- 9 || total
---------------------------+-------+-------+-------++-------
  Melee: Whip              |    62 |    12 |       ||    74
         Long sword        |       |   110 |    79 ||   189
         Punch             |       |     1 |       ||     1
         Hand axe          |       |    17 |    88 ||   105
         Tailslap          |       |       |    14 ||    14
   Cast: Sting             |    43 |    52 |    12 ||   107
  Evoke: Wand              |       |       |     1 ||     1
    Use: Potion            |       |       |     1 ||     1
   Stab: Sleeping          |       |     1 |     1 ||     2
 Armour: Robe              |    14 |       |       ||    14
         Ring mail         |    40 |   129 |   140 ||   309
  Dodge: Dodged            |    58 |    77 |    95 ||   230
  Block: Kite shield       |       |    40 |    88 ||   128

Table legend: (Time is in decaauts)
 A = Elapsed time spent in this place.
 B = Non-inter-level travel time spent in this place.
 C = Inter-level travel time spent in this place.
 D = Time resting spent in this place.
 E = Time spent auto-exploring this place.
 F = Levels seen in this place.
 G = Mean time per level.
                   A        B        C        D        E       F      G
               +--------+--------+--------+--------+--------+-----+--------+
         Total |   6268 |   5981 |    287 |    485 |   3990 |   8 |  783.5 |
       Dungeon |   6117 |   5830 |    287 |    485 |   3990 |   7 |  873.9 |
        Bailey |    150 |    150 |      0 |      0 |      0 |   1 |  150.0 |
               +--------+--------+--------+--------+--------+-----+--------+

Top non-repeatable levels by time:
     D:5: 1631 daAuts
     D:4: 984 daAuts
     D:6: 950 daAuts
     D:1: 908 daAuts
     D:3: 840 daAuts
     D:2: 774 daAuts
  Bailey: 150 daAuts
     D:7: 27 daAuts
